 Dungeon Sprint DCSS version 0.28.0-43-g3370ac3207 (webtiles) character file.

Game seed: 6891351840318449737

4942 boopmooplesden the Severer (level 10, 0/166 HPs)
             Began as a Minotaur Berserker on Mar 13, 2022.
             Was the Champion of Trog.
             Succumbed to a killer bee's poison
             ... in the Dungeon (Sprint III: "The Ten Rune Challenge").
             The game lasted 00:05:50 (1742 turns).

boopmooplesden the Severer (Minotaur Berserker)     Turns: 1742, Time: 00:05:51

Health: 0/166      AC: 25    Str: 23    XL:     10   Next: 28%
Magic:  9/9        EV:  2    Int:  6    God:    Trog [******]
Gold:   1926       SH:  0    Dex: 13    Spells: 9/9 levels left

rFire   . . .      SeeInvis .   s - +2 executioner's axe (vorpal)
rCold   . . .      Faith    .   (shield currently unavailable)
rNeg    . . .      Spirit   .   (armour currently unavailable)
rPois   +          Reflect  .   (helmet currently unavailable)
rElec   .          Harm     .   (cloak currently unavailable)
rCorr   .          Rampage  .   (gloves currently unavailable)
Will    +....      NoTele   +   (boots currently unavailable)
Stlth   +.........              (no amulet)
HPRegen 0.37/turn               i - ring of willpower
MPRegen 0.11/turn               (no ring)

@: lethally poisoned (0 -> -1), tree-form
A: stationary, stasis, torment immunity, boosted hp, (horns 2), (retaliatory
headbutt), (hooves 1), strong 1
a: Renounce Religion, Berserk, Trog's Hand, Brothers in Arms


You were in the Dungeon.
You worshipped Trog.
Trog was exalted by your worship.
You were a tree.
You visited 1 branch You collected 1926 gold pieces.

Inventory:

Hand Weapons
 a - a +0 hand axe
 p - a +2 long sword of holy wrath
 s - a +2 vorpal executioner's axe (weapon)
Missiles
 o - 2 boomerangs of dispersal (quivered)
Armour
 b - a +0 animal skin
 n - a +0 leather armour
 r - a +0 robe of willpower
 t - a +0 chain mail (melded)
Jewellery
 i - a ring of willpower (left branch)
Scrolls
 c - a scroll of holy word {unknown}
 h - a scroll of blinking
 j - 4 scrolls of identify
 k - 3 scrolls of torment {unknown}
Potions
 e - a potion of haste
 f - 2 potions of magic
 g - 2 potions of berserk rage
 l - 2 potions of flight
 m - a potion of might
Miscellaneous
 q - a phantom mirror


   Skills:
 + Level 17.3 Fighting
 + Level 7.2 Long Blades
 + Level 17.6 Axes
 + Level 10.0 Armour
 + Level 10.0 Dodging
 + Level 0.5 Stealth


You had 9 spell levels left.
You didn't know any spells.
Your spell library was empty.

Dungeon Overview and Level Annotations

Branches:
Dungeon (1/1)

Altars:
Cheibriados
Dithmenos
Elyvilon
Fedhas
Gozag
Hepliaklqana
Kikubaaqudgha
Makhleb
Nemelex Xobeh
Okawaru
Qazlal
Ru
Sif Muna
Trog
Uskayaw
Vehumet
Wu Jian
Xom
Yredelemnul
Zin
The Shining One
Beogh
Jiyva
Lugonu

Shops:
D !


Innate Abilities, Weirdness & Mutations

You are a tree.
Your roots penetrate the ground, keeping you stationary.
You cannot be teleported.
You are immune to unholy pain and torment.
Your maximum health is greatly increased.
Your equipment is partially melded.
((You have a pair of horns on your head.))
((You reflexively headbutt those who attack you in melee.))
((You have large cloven feet.))
Your muscles are strong. (Str +2)


Message History

* * * LOW HITPOINT WARNING * * *
You carve the killer bee like a ham!!!
You kill the killer bee!
Trog accepts your kill.
You feel sick. The killer bee stings you.
* * * LOW HITPOINT WARNING * * *
It was a potion of lignification.
You turn into a tree.
Your +0 chain mail melds into your body.
Your roots penetrate the ground.
You feel sick.
The killer bee buzzes angrily.
The killer bee stings you.
* * * LOW HITPOINT WARNING * * *
The killer bee stings you but does no damage.
You hit the killer bee.
The killer bee is moderately wounded.
You feel sick.
A killer bee comes into view.
The killer bee stings you but does no damage.
The killer bee stings you.
* * * LOW HITPOINT WARNING * * *
You closely miss the killer bee.
The killer bee is moderately wounded.
You feel sick.
The killer bee stings you but does no damage.
The killer bee stings you.
* * * LOW HITPOINT WARNING * * *
Okay, then.
Your stone giant goes berserk!
* * * LOW HITPOINT WARNING * * *
You feel sick.
The killer bee stings you but does no damage. x2
You cannot move.
You cannot move.
You cannot move.
You cannot move.
Unknown command.
You slash the killer bee!
You kill the killer bee!
Trog accepts your kill.
You die...

###.### ###### __#.#.###....+
._#.........## )##..........#
..#........∩## ..#)#..###.#.#
#'#)#.#..###.#
..#)###########################
..#))§≈≈'.#.'..C♣†#.#.#y'yy.≈≈#
..#)#)§≈#.#.#...##y#.#)##yyy≈≈#
..'.#§§§#.#.#)).#.#.#.#.#


yyyy≈ ..#.#.§§#...#...##.#.#.## yyy≈ ▓▓▓▓▓▓▓▓▓▓▓▓▓▓▓▓#.#.#.#.# yy. ##.#.#.## y.
+.#.# #.# . ##.# ## #+ You could see a killer bee and a friendly stone giant
(summoned, berserk).

Vanquished Creatures
  Josephine (D)
  A centaur warrior (D)
  A deep elf pyromancer (D)
  2 unseen horrors (D)
  A shadow (D)
  A spatial vortex (D)
  A necrophage (D)
  2 centaurs (D)
  An earth elemental (D)
  A scorpion (D)
  A water elemental (D)
  9 killer bees (D)
  A jelly (D)
  Jessica (D)
  A wizard (D)
  3 orc wizards (D)
  A necromancer (D)
  A kobold demonologist (D)
  3 humans (D)
  2 orcs (D)
  3 rats (D)
38 creatures vanquished.

Vanquished Creatures (collateral kills)
  An orc high priest (D)
  An orc sorcerer (D)
  An orc warrior (D)
  4 orc priests (D)
  An orc wizard (D)
  5 orcs (D)
13 creatures vanquished.

Grand Total: 51 creatures vanquished

Notes
Turn   | Place    | Note
-------+----------+-------------------------------------------
     0 | D        | boopmooplesden the Minotaur Berserker began the quest for
                  | the Orb.
     0 | D        | Reached XP level 1. HP: 19/19 MP: 0/0
    11 | D        | Noticed Jessica
    14 | D        | Killed Jessica
    14 | D        | Reached ** piety under Trog
    15 | D        | Reached skill level 5 in Fighting
    15 | D        | Reached skill level 5 in Axes
    15 | D        | Reached XP level 2. HP: 30/30 MP: 1/1
    90 | D        | Reached XP level 3. HP: 37/37 MP: 2/2
    96 | D        | Noticed a scorpion
   109 | D        | Killed a scorpion
   110 | D        | Reached XP level 4. HP: 12/48 MP: 3/3
   136 | D        | Gained mutation: You passively map a small area around you.
                  | [potion of mutation]
   137 | D        | Lost mutation: You passively map a small area around you.
                  | [potion of mutation]
   137 | D        | Gained mutation: You are clumsy. (Dex -2) [potion of
                  | mutation]
   137 | D        | Gained mutation: You have a pair of large horns on your
                  | head. [potion of mutation]
   138 | D        | Lost mutation: You are clumsy. (Dex -2) [potion of
                  | mutation]
   138 | D        | Lost mutation: You have a pair of large horns on your head.
                  | [potion of mutation]
   138 | D        | Gained mutation: You tend to lose your temper in combat.
                  | [potion of mutation]
   139 | D        | Lost mutation: You tend to lose your temper in combat.
                  | [potion of mutation]
   139 | D        | Gained mutation: You tend to lose your temper in combat.
                  | [potion of mutation]
   139 | D        | Gained mutation: You are agile. (Dex +2) [potion of
                  | mutation]
   140 | D        | Lost mutation: You tend to lose your temper in combat.
                  | [potion of mutation]
   140 | D        | Lost mutation: You are agile. (Dex +2) [potion of mutation]
   140 | D        | Gained mutation: You have large cloven feet. [potion of
                  | mutation]
   140 | D        | Gained mutation: Your muscles are strong. (Str +2) [potion
                  | of mutation]
   274 | D        | Noticed a water elemental
   276 | D        | Killed a water elemental
   276 | D        | Reached *** piety under Trog
   277 | D        | Reached XP level 5. HP: 56/56 MP: 4/4
   455 | D        | Found a basalt altar of Yredelemnul.
   455 | D        | Found a shadowy altar of Dithmenos.
   455 | D        | Found a sacrificial altar of Ru.
   455 | D        | Noticed a necrophage
   460 | D        | Killed a necrophage
   461 | D        | Reached skill level 10 in Fighting
   461 | D        | Reached skill level 10 in Axes
   461 | D        | Reached skill level 5 in Armour
   461 | D        | Reached skill level 5 in Dodging
   461 | D        | Reached XP level 6. HP: 66/66 MP: 5/5
   588 | D        | Found a hide-covered altar of Uskayaw.
   588 | D        | Found an iron altar of Okawaru.
   590 | D        | Found a bloodstained altar of Trog.
   590 | D        | Found an ornate altar of the Wu Jian Council.
   590 | D        | Noticed a human
   590 | D        | Noticed a human
   593 | D        | Killed a human
   597 | D        | Killed a human
   597 | D        | Reached **** piety under Trog
   598 | D        | Reached XP level 7. HP: 75/75 MP: 6/6
   735 | D        | Found a glowing silver altar of Zin.
   736 | D        | Found a glowing golden altar of the Shining One.
   736 | D        | Found a white marble altar of Elyvilon.
   736 | D        | Noticed a deep elf pyromancer
   743 | D        | Killed a deep elf pyromancer
   744 | D        | Reached XP level 8. HP: 80/86 MP: 7/7
   871 | D        | Found a radiant altar of Vehumet.
   871 | D        | Found a shimmering blue altar of Sif Muna.
   871 | D        | Found an ancient bone altar of Kikubaaqudgha.
   874 | D        | Noticed an ice devil
   875 | D        | Noticed a smoke demon
   881 | D        | Reached ***** piety under Trog
   981 | D        | Reached skill level 1 in Long Blades
   986 | D        | Found a blossoming altar of Fedhas.
   986 | D        | Found a stormy altar of Qazlal.
   987 | D        | Found a snail-covered altar of Cheibriados.
   987 | D        | Found a burning altar of Makhleb.
   987 | D        | Found a hazy altar of Hepliaklqana.
   987 | D        | Found a shimmering altar of Xom.
   987 | D        | Found an opulent altar of Gozag.
   987 | D        | Found a sparkling altar of Nemelex Xobeh.
   987 | D        | Found a corrupted altar of Lugonu.
   987 | D        | Found a viscous altar of Jiyva.
  1036 | D        | Noticed Josephine
  1044 | D        | Killed Josephine
  1045 | D        | Reached skill level 15 in Fighting
  1045 | D        | Reached skill level 15 in Axes
  1045 | D        | Reached XP level 9. HP: 97/97 MP: 8/8
  1086 | D        | Noticed an orc high priest
  1090 | D        | Noticed an orc sorcerer
  1093 | D        | Noticed a sun demon
  1096 | D        | Noticed a smoke demon
  1100 | D        | Killed an orc sorcerer
  1103 | D        | Killed an orc high priest
  1104 | D        | Reached skill level 5 in Long Blades
  1113 | D        | Received a gift from Trog
  1124 | D        | Reached ****** piety under Trog
  1128 | D        | Received a gift from Trog
  1137 | D        | Found Xirroh's Distillery.
  1607 | D        | Noticed a centaur warrior
  1612 | D        | Killed a centaur warrior
  1613 | D        | Reached XP level 10. HP: 110/110 MP: 9/9
  1657 | D        | Received a gift from Trog
  1725 | D        | Received a gift from Trog
  1726 | D        | Reached skill level 10 in Armour
  1731 | D        | Reached skill level 10 in Dodging
  1739 | D        | HP: 6/166 [killer bee (3)]
  1740 | D        | HP: 2/166 [killer bee (4)]
  1742 | D        | Succumbed to a killer bee's poison

Illustrated notes

Levels and vault maps discovered:
D:        dungeon_sprint_mu [sprint_mu_entry_forest, sprint_mu_temple_rooms,
          sprint_mu_d1_horrors, sprint_mu_d2_genie, sprint_mu_d3_branching,
          sprint_mu_orc_legion, sprint_mu_elf_gauntlet, sprint_mu_hive_nellie,
          sprint_mu_lair_fedhas, sprint_mu_vaults_butterflies,
          sprint_mu_slime_circle, sprint_mu_shoals_kraken,
          sprint_mu_snake_twists, sprint_mu_blade_basic,
          sprint_mu_crypt_chambers, sprint_mu_tomb_spiral,
          sprint_mu_vestibule_basic, sprint_mu_gehenna_hellfire,
          sprint_mu_dis_giant, sprint_mu_tartarus_statrot,
          sprint_mu_cocytus_islands, sprint_mu_zot1]

Skill      XL: |  1  2  3  4  5  6  7  8  9 10 |
---------------+-------------------------------+-----
Fighting       | 5 6 7 8 10 11 13 15 16 17 | 17.3
Axes           | 5 6 7 8 10 11 13 15 16 17 | 17.6
Armour         | 3 4 5 6 7 8 9 10 | 10.0
Dodging        | 3 4 5 6 7 8 9 10 | 10.0
Long Blades    | 3 6 7 |  7.2
Stealth        | |  0.5

Action                   |  1- 3 |  4- 6 |  7- 9 | 10-12 || total
-------------------------+-------+-------+-------+-------++-------
Melee: Hand axe          |    18 |    12 |     6 |       ||    36
       Headbutt          |     3 |     1 |    14 |     1 ||    19
       Kick              |       |     4 |    16 |     2 ||    22
       Long sword        |       |       |    30 |       ||    30
       Executioner's axe |       |       |    16 |    22 ||    38
Invok: Berserk           |     2 |     3 |     5 |       ||    10
       Brothers in Arms  |       |       |     1 |     1 ||     2
  Use: Potion            |     1 |     6 |     2 |     1 ||    10
Armor: Animal skin       |     4 |       |       |       ||     4
       Leather armour    |       |       |     7 |       ||     7
       Chain mail        |       |       |     3 |    14 ||    17
       Skin              |       |       |       |     5 ||     5
Dodge: Dodged            |    15 |     4 |    28 |    16 ||    63
